 Dungeon Crawl Stone Soup version 0.28.0-1-gb440e238dd (webtiles) character file.

Game seed: 5356878650355066354

3274 Ijustatesigmund the Cleaver (level 10, -13/92 HPs)
             Began as a Hill Orc Delver on Feb 24, 2022.
             Was a Follower of Cheibriados.
             Mangled by a skeletal warrior (14 damage)
             ... led by a skeletal warrior
             ... on level 7 of the Dungeon.
             The game lasted 00:16:03 (8355 turns).

Ijustatesigmund the Cleaver (Hill Orc Delver)       Turns: 8355, Time: 00:16:05

Health: -13/92     AC: 15    Str: 27    XL:     10   Next: 0%
Magic:  13/13      EV: 10    Int: 15    God:    Cheibriados [*.....]
Gold:   216        SH:  0    Dex: 21    Spells: 9/9 levels left

rFire   . . .      SeeInvis .   a - +2 war axe
rCold   . . .      Faith    .   (no shield)
rNeg    . . .      Spirit   .   b - +0 plate armour
rPois   .          Reflect  .   x - +0 helmet
rElec   .          Harm     .   (no cloak)
rCorr   .          Rampage  .   n - +0 pair of gloves
Will    .....                   (no boots)
Stlth   ..........              (no amulet)
HPRegen 0.25/turn               d - +6 ring of strength
MPRegen 0.13/turn               r - +6 ring of dexterity

@: very slow
A: no striking features
a: Renounce Religion, Bend Time


You were on level 7 of the Dungeon.
You worshipped Cheibriados.
Cheibriados was aware of your devotion.
You visited 2 branches of the dungeon, and saw 9 of its levels.

You collected 312 gold pieces.
You spent 96 gold pieces at shops.

Inventory:

Hand Weapons
 a - a +2 war axe (weapon)
 q - a +3 flail
Missiles
 o - 7 poisoned darts (quivered)
 p - 2 javelins
 s - a throwing net
Armour
 b - a +0 plate armour (worn)
 n - a +0 pair of gloves (worn)
 x - a +0 helmet (worn)
Jewellery
 d - a +6 ring of strength (left hand)
 h - a ring of ice
 r - a +6 ring of dexterity (right hand)
 u - a ring of protection from cold
Wands
 g - a wand of digging (3)
 m - a wand of paralysis (1)
 t - a wand of mindburst (11)
 w - a wand of iceblast (9)
Scrolls
 c - 3 scrolls of fog
 e - 5 scrolls of fear
 i - a scroll of blinking
 j - 4 scrolls of teleportation
 l - 3 scrolls of identify
Potions
 f - 2 potions of curing
 k - a potion of mutation
 z - a potion of lignification


   Skills:
 + Level 9.7 Fighting
 + Level 10.4 Axes
 + Level 6.4 Armour
 - Level 4.2 Dodging
 - Level 4.1 Stealth
 + Level 4.4 Invocations


You had 9 spell levels left.
You didn't know any spells.
Your spell library contained the following spells:

 Spells                   Type           Power      Damage    Failure   Level
 Beastly Appendage        Tmut           0%         N/A       96%         1
 Corpse Rot               Necr/Air       0%         N/A       99%         2
 Poisonous Vapours        Pois/Air       0%         N/A       99%         2
 Wereblood                Tmut           0%         N/A       99%         2
 Inner Flame              Hex/Fire       0%         N/A       100%        3
 Spider Form              Tmut/Pois      0%         N/A       100%        3
 Cause Fear               Hex            0%         N/A       100%        4
 Discord                  Hex            0%         N/A       100%        8


Dungeon Overview and Level Annotations

Branches:
Dungeon (8/15)             Temple (1/1) D:6
   Lair: D:8-11

Altars:
Ashenzari
Cheibriados
Dithmenos
Elyvilon
Fedhas
Gozag
Hepliaklqana
Kikubaaqudgha
Makhleb
Nemelex Xobeh
Okawaru
Qazlal
Ru
Sif Muna
Trog
Uskayaw
Vehumet
Wu Jian
Yredelemnul
Zin
The Shining One

Shops:
D:2 !


Message History

The skeletal warrior hits you with a +0 battleaxe.
You slash the skeletal warrior!
The skeletal warrior is moderately damaged.
You closely miss the skeletal warrior.
The skeletal warrior hits you with a +0 mace.
The skeletal warrior hits you but does no damage.
You hit the skeletal warrior.
The skeletal warrior is heavily damaged.
You hit the skeletal warrior. The skeletal warrior barely misses you.
The skeletal warrior hits you but does no damage.
You hit the skeletal warrior but do no damage.
The skeletal warrior is heavily damaged.
You hit the skeletal warrior but do no damage.
The skeletal warrior hits you with a +0 mace!!
The skeletal warrior hits you with a +0 battleaxe!
* * * LOW HITPOINT WARNING * * *
You are too injured to fight recklessly!
You are too injured to fight recklessly!
You are too injured to fight recklessly!
You are too injured to fight recklessly!
You are too injured to fight recklessly!
You are too injured to fight recklessly!
You are too injured to fight recklessly!
You are too injured to fight recklessly!
You barely miss the skeletal warrior.
The skeletal warrior is heavily damaged.
You barely miss the skeletal warrior.
The skeletal warrior hits you with a +0 mace!
* * * LOW HITPOINT WARNING * * *
The skeletal warrior barely misses you.
You hit the skeletal warrior but do no damage.
The skeletal warrior is heavily damaged.
You barely miss the skeletal warrior.
The skeletal warrior barely misses you. x2
You barely miss the skeletal warrior.
The skeletal warrior is heavily damaged.
You closely miss the skeletal warrior.
The skeletal warrior hits you with a +0 mace!
* * * LOW HITPOINT WARNING * * *
The skeletal warrior hits you with a +0 battleaxe!
You die...

#.#...#............
#.................
###.......... #.....
#.#.....##... ##....
#...#### ..# ##...
#...# ..# #... ##..#
..#####.. ##.z##
##.........
#.@..####..........
#..z.#...............
#....###.........##....
....## #......######..#
...# #...#...## #..#
.## #...#....####..#
#...#......##.#
#...#..#......#
#.....######..##


You could see 2 skeletal warriors.

Vanquished Creatures
  Prince Ribbit (D:5)
  3 yaks (D:8)
  An orc warrior (D:6)
  3 ice beasts
  2 necrophages
  4 ogres
  2 sky beasts
  3 centaurs (D:8)
  2 phantoms (D:4)
  A scorpion (D:5)
  A wyvern skeleton (D:6)
  4 killer bees (D:8)
  A water moccasin skeleton (D:5)
  4 wights (D:6)
  An electric eel (D:8)
  A centaur zombie (D:8)
  2 orc priests
  2 hounds
  A bullfrog zombie (D:6)
  3 centaur skeletons
  Ijyb (D:4)
  An iguana (D:4)
  An orc wizard (D:8)
  Natasha (twice) (D:4)
  A scorpion zombie (D:5)
  2 killer bee zombies
  A howler monkey zombie (D:8)
  Robin (D:2)
  9 adders
  4 gnolls (D:5)
  A shadow imp (D:6)
  4 white imps
  An ufetubus (D:3)
  A dart slug (D:1)
  8 orcs
  5 endoplasms
  3 giant cockroaches (D:3)
  14 goblins
  7 hobgoblins
  3 jackals
  5 quokkas
  8 ball pythons
  4 frilled lizards
  6 kobolds
  6 rats
141 creatures vanquished.

Vanquished Creatures (others)
  2 orcs (D:8)
  24 plants (D:5)
26 creatures vanquished.

Grand Total: 167 creatures vanquished

Notes
Turn   | Place    | Note
-------+----------+-------------------------------------------
     0 | D:5      | Ijustatesigmund the Hill Orc Delver began the quest for the
                  | Orb.
     0 | D:5      | Reached XP level 1. HP: 19/19 MP: 1/1
    28 | D:5      | Noticed an ogre
    72 | D:4      | Noticed a phantom
    73 | D:4      | Noticed a phantom
   110 | D:4      | Noticed a necrophage
   120 | D:3      | Reached skill level 3 in Axes
   214 | D:3      | Reached XP level 2. HP: 23/27 MP: 2/2
   319 | D:2      | Noticed Robin
   358 | D:2      | Killed Robin
   359 | D:2      | Reached skill level 4 in Axes
   359 | D:2      | Reached XP level 3. HP: 11/33 MP: 3/3
   362 | D:2      | HP: 1/33 [hobgoblin[Robin] (5)]
  1252 | D:2      | Found Ugiaps's Distillery.
  1301 | D:2      | Bought a potion of curing for 36 gold pieces
  1301 | D:2      | Bought a potion of heal wounds for 60 gold pieces
  1886 | D:3      | Reached XP level 4. HP: 40/41 MP: 4/4
  1905 | D:3      | Found a faded altar of an unknown god.
  2034 | D:3      | Found a hide-covered altar of Uskayaw.
  2118 | D:3      | Noticed an ogre
  2140 | D:3      | Killed an ogre
  2141 | D:3      | Reached skill level 5 in Fighting
  2141 | D:3      | Reached skill level 5 in Axes
  2141 | D:3      | Reached XP level 5. HP: 30/48 MP: 5/5
  2786 | D:3      | Reached skill level 6 in Axes
  2928 | D:4      | Noticed Ijyb
  2963 | D:4      | Killed Ijyb
  2964 | D:4      | Reached XP level 6. HP: 27/57 MP: 6/6
  3223 | D:4      | Killed a necrophage
  3224 | D:4      | Reached skill level 1 in Armour
  3271 | D:4      | Reached skill level 7 in Axes
  3271 | D:4      | Reached XP level 7. HP: 16/64 MP: 7/7
  3883 | D:4      | Found a shadowy altar of Dithmenos.
  3912 | D:4      | Found a radiant altar of Vehumet.
  3927 | D:4      | Noticed Natasha
  3936 | D:4      | Killed Natasha
  4027 | D:4      | Noticed Natasha
  4036 | D:4      | Killed Natasha
  4370 | D:5      | Reached XP level 8. HP: 24/73 MP: 8/8
  4813 | D:5      | Noticed Prince Ribbit
  4822 | D:5      | Killed Prince Ribbit
  4823 | D:5      | Reached skill level 8 in Axes
  5976 | D:6      | Found a sacrificial altar of Ru.
  6044 | D:6      | Reached skill level 9 in Axes
  6044 | D:6      | Reached XP level 9. HP: 82/82 MP: 9/9
  6153 | D:6      | Found a staircase to the Ecumenical Temple.
  6197 | D:6      | Reached skill level 5 in Armour
  6506 | Temple   | Entered the Ecumenical Temple
  6706 | Temple   | Became a worshipper of Cheibriados the Contemplative
  6977 | D:6      | Reached skill level 1 in Invocations
  7389 | D:7      | You fall into a shaft and drop 1 floor!
  7536 | D:8      | Found a flagged portal.
  7584 | D:8      | Reached skill level 10 in Axes
  7592 | D:8      | Reached * piety under Cheibriados
  8010 | D:8      | Noticed an ice devil
  8015 | D:8      | Noticed a freezing wraith
  8210 | D:8      | Reached XP level 10. HP: 92/92 MP: 13/13
  8339 | D:8      | Noticed a skeletal warrior
  8339 | D:8      | Noticed a skeletal warrior
  8339 | D:8      | Noticed a skeletal warrior
  8339 | D:8      | Noticed a skeletal warrior
  8355 | D:7      | HP: 1/92 [skeletal warrior[a skeletal warrior] (14)]
  8355 | D:7      | Mangled by a skeletal warrior

Illustrated notes

Levels and vault maps discovered:
D:1:      wheals_arrival_shading, layout_rooms, minmay_misc_feat_rugged
D:2:      layout_basic, serial_shops, nicolae_shop_waterfront, uniq_robin
D:3:      layout_loops_ring, mainiacjoe_overflow_alcove_1,
          shapermc_ecumenical_altar_totnotflames, minmay_divided_ellipse
D:4:      layout_rooms, overflow_temple_1_default, marbit_many_paths, uniq_ijyb,
          uniq_natasha
D:5:      layout_basic, serial_bayou, serial_bayou_crossing,
          serial_bayou_pond_b, serial_bayou_lake_a, serial_bayou_lagoon_b,
          serial_bayou_shore_a, uniq_prince_ribbit1
D:6:      layout_loops_cross, hangedman_ru_absence, minmay_temple_entry_ruins,
          kennysheep_generic_room_9
D:7:      layout_layer_cave, uniq_joseph
D:8:      layout_basic, enter_bailey_6, minivault_4, st_stairs_1,
          hellmonk_guarded_unrand_frostbite, uniq_maggie
Temple:   bh_familiar_temple

Skill      XL: |  1  2  3  4  5  6  7  8  9 |
---------------+----------------------------+-----
Axes           | 3 4 5 6 7 9 10 | 10.4
Fighting       | 4 5 6 7 8 9 |  9.7
Armour         | 1 2 4 6 |  6.4
Dodging        | 2 4 |  4.2
Invocations    | 4 |  4.4
Stealth        | |  4.1

Action                   |  1- 3 |  4- 6 |  7- 9 | 10-12 || total
-------------------------+-------+-------+-------+-------++-------
Melee: Hand axe          |   101 |   120 |       |       ||   221
       Flail             |       |    22 |   146 |       ||   168
       Punch             |       |     1 |     3 |       ||     4
       War axe           |       |       |    98 |    14 ||   112
Throw: Throwing net      |     1 |       |       |       ||     1
       Dart              |       |     2 |     5 |       ||     7
       Javelin           |       |     1 |     4 |       ||     5
Evoke: Wand              |       |       |     4 |       ||     4
  Use: Potion            |     3 |     3 |     6 |       ||    12
       Scroll            |     5 |       |     8 |       ||    13
 Stab: Sleeping          |     3 |     1 |     6 |       ||    10
Armor: Leather armour    |    24 |       |       |       ||    24
       Ring mail         |     9 |    35 |    47 |       ||    91
       Plate armour      |       |       |    82 |     4 ||    86
Dodge: Dodged            |    49 |    72 |   180 |    11 ||   312
